 Dungeon Crawl Stone Soup version 0.17-a0-2002-g92c7e20 (webtiles) character file.

86 orochimarko the Chiller (level 4, 0/27 HPs)
             Began as an Octopode Ice Elementalist on Oct 7, 2015.
             Slain by an ice beast (5 damage)
             ... on level 2 of the Dungeon on Oct 8, 2015.
             The game lasted 00:22:56 (1554 turns).

orochimarko the Chiller (Octopode Ice Elementalist) Turns: 1554, Time: 00:22:56

Health: 0/27       AC:  1    Str:  7    XL:     4   Next: 50%
Magic:  8/8        EV: 12    Int: 18    God:
Gold:   97         SH:  0    Dex: 12    Spells: 2 memorised, 5 levels left

rFire  . . .     SeeInvis .     (no weapon)
rCold  + . .     Clarity  .     (no shield)
rNeg   . . .     SustAt   .     (helmet restricted)
rPois  .         Gourm    .     (no amulet)
rElec  .         Spirit   .     f - ring of protection from cold
rCorr  .         Warding  .     (no ring)
rMut   .         Stasis   .     (no ring)
MR     .....                    (no ring)
Stlth  +++.......               (no ring)
                                (no ring)
                                (no ring)
                                (no ring)

@: not resistant to hostile enchantments, fairly stealthy
A: almost no armour, amphibious, 8 rings, constrict 8, camouflage 1, gelatinous
body 1
a: no special abilities


You were on level 2 of the Dungeon.
You were not hungry.

You visited 1 branch of the dungeon, and saw 3 of its levels.

You collected 97 gold pieces.

Inventory:

Hand Weapons
 h - a cursed -3 hunting sling
Missiles
 d - 8 tomahawks (quivered)
Jewellery
 f - a ring of protection from cold (left tentacle)
 r - a cursed ring of loudness {unknown}
Scrolls
 g - 2 scrolls of identify {unknown}
 k - 2 scrolls of remove curse {unknown}
 l - a scroll of recharging {unknown}
 o - a scroll of enchant armour {unknown}
Potions
 c - a potion of brilliance {unknown}
 e - a potion of heal wounds {unknown}
 j - a potion of might {unknown}
 m - a potion of haste {unknown}
 n - a potion of curing {unknown}
 p - a potion of lignification {unknown}
 q - a potion of cure mutation {unknown}
Books
 a - a book of Frost

   Spells                             Type                      Level
   a - Freeze                         Ice                          1
   b - Throw Frost                    Conjuration/Ice              2
   c - Ozocubu's Armour               Charms/Ice                   3
   d - Throw Icicle                   Conjuration/Ice              4
   e - Summon Ice Beast               Ice/Summoning                4
   f - Condensation Shield            Ice                          4
Comestibles
 b - 3 bread rations
 i - 2 chunks of flesh


   Skills:
 + Level 0.4 Fighting
 + Level 0.2 Throwing
 + Level 2.3 Dodging
 + Level 3.2 Stealth
 + Level 0.4 Unarmed Combat
 + Level 2.9 Spellcasting
 + Level 1.3 Conjurations
 + Level 3.7 Ice Magic


You had 5 spell levels left.
You knew the following spells:

 Your Spells              Type           Power        Failure   Level  Hunger
a - Freeze                Ice            ###.         4%          1    None
b - Throw Frost           Conj/Ice       ##....       12%         2    ##.....


Dungeon Overview and Level Annotations

Branches:
Dungeon (3/15)

Altars:


Innate Abilities, Weirdness & Mutations

You cannot wear most types of armour.
You are amphibious.
You can wear up to eight rings at the same time.
You can use your tentacles to constrict eight enemies at once.
Your skin changes colour to match your surroundings (Stealth).
Your rubbery body absorbs attacks (AC +1).


Message History

Press: ? - help, v - describe, . - travel
Here: an ice beast (lightly wounded)
The floor.
The ice beast hits you. The ice beast freezes you. You resist.
You climb upwards.
There is a stone staircase leading down here.
You tentacle-slap the ice beast but do no damage.
The ice beast is lightly wounded.
The ice beast hits you. The ice beast freezes you. You resist.
* * * LOW HITPOINT WARNING * * *
The ice beast barely misses you.
You see here a pair of glowing gloves.
The ice beast barely misses you.
There is a stone staircase leading down here.
You closely miss the ice beast. You squeeze the ice beast!
The ice beast is moderately wounded.
The ice beast hits you.
* * * LOW HITPOINT WARNING * * *
The ice beast freezes you. You resist.
You die...

................###........##..#
......##.##########........###.#
......##.########........).# #.##
.###.....#.................###...
......#....####............##..<.
.####........#....###########....
##.............#..# ###.....#..
...####.........Y.# #...#######
.### ##........@######[### ######
#.##.............# ####
###..###.##.#......)...## ##..#
.........##.#..........# #...#
##......###.##......##.# ###..##
........###..........#.###...##
#####.......##....#..#......##
####.........#....#...##....#####
##.......[......>#...............


You could see an ice beast.

Vanquished Creatures
  A gnoll (D:1)
  3 adders (D:2)
  An ooze (D:2)
  4 worms (D:2)
  A giant gecko (D:1)
  2 bats (D:2)
  2 hobgoblins (D:1)
  6 kobolds
  2 ball pythons
  2 giant cockroaches
  3 giant newts
  7 goblins
  6 rats
40 creatures vanquished.

Notes
Turn   | Place    | Note
--------------------------------------------------------------
     0 | D:1      | orochimarko the Octopode Ice Elementalist began the quest for the Orb.
     0 | D:1      | Reached XP level 1. HP: 11/11 MP: 3/3
   164 | D:1      | Reached XP level 2. HP: 17/17 MP: 1/5
   281 | D:1      | Learned a level 2 spell: Throw Frost
   658 | D:1      | Upgraded the game from 0.17-a0-1996-gd2c0ec8 to 0.17-a0-2002-g92c7e20
   741 | D:1      | Reached XP level 3. HP: 17/21 MP: 0/6
  1286 | D:2      | Reached XP level 4. HP: 15/27 MP: 0/8
  1509 | D:3      | Noticed an ice beast
  1554 | D:2      | Slain by an ice beast

Vault maps used:
D:1:      dpeg_arrival_fog
D:2:      first_bread
D:3:      uniq_natasha, uniq_jessica

Action                   |  1- 3 |  4- 6 || total
-------------------------+-------+-------++-------
Melee: Unarmed           |    39 |     7 ||    46
Throw: Tomahawk          |     6 |     1 ||     7
 Cast: Freeze            |    21 |     9 ||    30
       Throw Frost       |    19 |     5 ||    24
 Stab: Sleeping          |    10 |     3 ||    13
  Eat: Chunk             |     3 |     1 ||     4
